 Dungeon Crawl Stone Soup version 0.30.1-3-gfc49f6343a (webtiles) character file.

Game seed: 11687900683205122017

188 spardeous the Conjurer (level 5, -3/38 HPs)
             Began as a Demigod Conjurer on Aug 5, 2023.
             Killed by nerve-wracking pain
             ... invoked by an orc priest
              (14 damage)
             ... on level 4 of the Dungeon.
             The game lasted 00:02:43 (3816 turns).

spardeous the Conjurer (Demigod Conjurer)           Turns: 3816, Time: 00:02:44

Health: -3/38      AC:  3    Str:  8    XL:     5   Next: 16%
Magic:  7/19       EV: 12    Int: 24    God:
Gold:   132        SH:  0    Dex: 12    Spells: 4/7 levels left

rFire   . . .        (no weapon)
rCold   . . .        (no shield)
rNeg    . . .        a - +0 robe
rPois   .            (no helmet)
rElec   .            (no cloak)
rCorr   .            p - +0 pair of gloves
SInv    .            (no boots)
Will    .....        (no amulet)
Stlth   ++           d - ring of magical power
HPRegen 0.26/turn    (no ring)
MPRegen 0.16/turn

%: no passive effects
@: no status effects
A: high MP 1, forlorn, divine attributes
a: no special abilities


You were on level 4 of the Dungeon.
You visited 1 branch of the dungeon, and saw 4 of its levels.

You collected 132 gold pieces.

Inventory:

Armour
 a - a +0 robe (worn)
 p - a +0 pair of gloves (worn)
Jewellery
 d - a ring of magical power (left hand)
Wands
 s - a wand of flame (8)
Scrolls
 c - 4 scrolls of teleportation {unknown}
 f - a scroll of enchant weapon {unknown}
 g - a scroll of fog {unknown}
 h - a scroll of noise {unknown}
 i - a scroll of identify {unknown}
 k - 2 scrolls of amnesia {unknown}
 m - a scroll of magic mapping {unknown}
 o - 4 scrolls of enchant armour {unknown}
Potions
 b - a potion of magic
 e - 2 potions of heal wounds {unknown}
 j - a potion of brilliance {unknown}
 l - 5 potions of curing {unknown}
 n - a potion of mutation {unknown}
 q - a potion of attraction {unknown}
 r - a potion of flight {unknown}


   Skills:
 - Level 1.7 Dodging
 - Level 1.7 Stealth
 - Level 1.7 Spellcasting
 + Level 6.1 Conjurations


You had 4 spell levels left.
You knew the following spells:

 Your Spells              Type           Power      Damage    Failure   Level
a - Magic Dart            Conj           100%       1d8       1%          1
b - Searing Ray           Conj           62%        2d6       1%          2

Your spell library contained the following spells:

 Spells                   Type           Power      Damage    Failure   Level
 Dazzling Flash           Conj/Hex       32%        N/A       11%         3
 Beastly Appendage        Tmut           4%         N/A       12%         1
 Wereblood                Tmut           2%         N/A       19%         2
 Fulminant Prism          Conj/Hex       8%         3d6       34%         4
 Iskenderun's Mystic Bla  Conj/Tloc      16%        2d5       34%         4
 Spider Form              Tmut/Pois      2%         N/A       36%         3


Dungeon Overview and Level Annotations

Branches:
Dungeon (4/15)
 Temple: D:4-7


Innate Abilities, Weirdness & Mutations

You have an increased reservoir of magic. (+10% MP)
You shall have no god before yourself.
Your divine heritage dramatically boosts your attributes as you level up.


Message History

The orc priest begins to cast a cantrip, but forgets the words!
You now have 13/19 mp.
You start resting.
An orc priest is nearby!
Casting: Magic Dart (safe; 1% risk of failure)
Confirm with . or Enter, or press ? or * to list all spells.
Aiming: Searing Ray (safe; 1% risk of failure)
Press: ? - help, Shift-Dir - straight line, f - orc priest
Aim: an orc priest, wielding a +0 dagger and wearing a +0 chain mail (85% to hit)
The searing ray hits the orc priest but does no damage. (Press . to maintain the ray.)
You now have 12/19 mp.
The searing ray hits the orc priest but does no damage.
The orc priest mumbles some strange prayers to Beogh against you.
Beogh smites you!
You take 13 damage, and have 25/38 hp.
MASSIVE DAMAGE!!
You now have 11/19 mp.
The searing ray hits the orc priest.
The orc priest is moderately wounded.
The searing ray hits the orc priest.
The orc priest is heavily wounded.
You finish channelling your searing ray.
The orc priest mumbles some strange prayers to Beogh against you.
Beogh smites you!
* * * LOW HITPOINT WARNING * * *
You take 15 damage, and have 10/38 hp.
MASSIVE DAMAGE!!
You now have 10/19 mp.
Casting: Searing Ray (safe; 1% risk of failure)
Confirm with . or Enter, or press ? or * to list all spells.
Aiming: Searing Ray (safe; 1% risk of failure)
Press: ? - help, Shift-Dir - straight line, f/p - orc priest
Aim: an orc priest, wielding a +0 dagger and wearing a +0 chain mail (heavily wounded, 85% to hit)
The searing ray hits the orc priest but does no damage.
The orc priest is heavily wounded. (Press . to maintain the ray.)
The orc priest miscasts a cantrip.
You now have 8/19 mp.
The searing ray hits the orc priest but does no damage.
The orc priest is heavily wounded.
The orc priest calls down the wrath of Beogh upon you.
Pain shoots through your body!
You die...

. .. ### ... .>#
.... #.# .....
####.#
.>.o..#######....#
o...)......##.##.#
...)...###o##.##.#
###.... #.@..##.#
#.... #######.#
#.$.. #.# #....
#.# #.... #.#
#.... #.# #.# #.#
#.#


You could see an orc priest.

Vanquished Creatures
  A hound (D:3)
  Natasha (thrice) (D:2)
  A gnoll (D:1)
  An adder (D:3)
  A worm (D:2)
  2 dart slugs
  5 orcs (D:4)
  3 ball pythons
  5 endoplasms
  A giant cockroach (D:4)
  6 hobgoblins
  2 quokkas (D:3)
  2 bats (D:1)
  6 frilled lizards
  3 goblins
  9 kobolds
  6 rats
57 creatures vanquished.

Notes
Turn   | Place    | Note
-------+----------+-------------------------------------------
     0 | D:1      | spardeous the Demigod Conjurer began the quest for the Orb.
     0 | D:1      | Reached XP level 1. HP: 14/14 MP: 5/5
    47 | D:1      | Reached skill level 4 in Conjurations
    74 | D:1      | Reached XP level 2. HP: 20/20 MP: 1/7
   865 | D:1      | Reached XP level 3. HP: 26/26 MP: 6/8
  1296 | D:2      | Learned a level 2 spell: Searing Ray
  1769 | D:2      | Noticed Natasha
  1774 | D:2      | Killed Natasha
  1775 | D:2      | Reached skill level 5 in Conjurations
  2295 | D:2      | Noticed Natasha
  2300 | D:2      | Killed Natasha
  2301 | D:2      | Reached XP level 4. HP: 33/33 MP: 3/9
  2703 | D:2      | Noticed Natasha
  2707 | D:2      | Killed Natasha
  3058 | D:3      | Reached skill level 6 in Conjurations
  3096 | D:3      | Reached XP level 5. HP: 38/38 MP: 10/10
  3476 | D:4      | Noticed an orc warrior
  3816 | D:4      | Killed from afar by an orc priest

Illustrated notes

Levels and vault maps discovered:
D:1:      sevenhm_arrival_forest_fort_large_2, layout_loops_ring,
          dilly_ecumenical_altar_fadedgnrine, minmay_nonomino_d4
D:2:      layout_loops_corners, basic_altar, kennysheep_pointless_box,
          minmay_tripent, uniq_natasha
D:3:      layout_basic
D:4:      layout_basic, grunt_temple_overflow_champion_of_chaos,
          mainiacjoe_overflow_24_doors, serial_shops, shop,
          pf_guarded_unrand_delatra

Skill      XL: |  1  2  3  4 |
---------------+-------------+-----
Conjurations   | 4 5 6 |  6.1
Dodging        | |  1.7
Stealth        | |  1.7
Spellcasting   | |  1.7

Action                     |  1- 3 |  4- 6 || total
---------------------------+-------+-------++-------
  Melee: Unarmed           |       |     1 ||     1
   Cast: Magic Dart        |    68 |    41 ||   109
         Searing Ray       |     7 |     5 ||    12
 Armour: Robe              |     3 |     4 ||     7
  Dodge: Dodged            |     9 |     4 ||    13
